 Dungeon Crawl Stone Soup version 0.24-a0-189-g5d897e9104 (webtiles) character file.

Game seed: 4382113593298664490

31053 MrRokkomies the Blocker (level 13, -10/81 HPs)
             Began as an Octopode Assassin on Mar 16, 2019.
             Was an Elder of Yredelemnul.
             Mangled by a seven-headed hydra (11 damage)
             ... on level 6 of the Lair of Beasts on Mar 17, 2019.
             The game lasted 01:26:18 (17687 turns).

MrRokkomies the Blocker (Octopode Assassin)        Turns: 17687, Time: 01:26:22

Health: -10/81     AC:  2    Str: 15    XL:     13   Next: 55%
Magic:  0/17       EV: 12    Int: 19    God:    Yredelemnul [****..]
Gold:   1029       SH: 13    Dex: 15    Spells: 2/12 levels left

rFire    . . .     SeeInvis .   a - +1 short sword (venom)
rCold    . . .     Gourm    .   e - +1 shield
rNeg     . . .     Faith    .   F - +1 hat {MR+}
rPois    +         Spirit   .   (no amulet)
rElec    .         Reflect  .   u - ring of fire
rCorr    .         Harm     .   l - ring of the Exiled Friends {Ice rPois Str+4 Int+3}
MR       +....                  (no ring)
Stlth    +++++.....             (no ring)
HPRegen  0.23/turn              (no ring)
MPRegen  0.15/turn              (no ring)
                                (no ring)
                                (no ring)

@: injury mirror, very slightly contaminated, hasted, very quick
A: almost no armour, stealthy swim, amphibious, 8 rings, constrict 8, camouflage
1, gelatinous body 1
a: Recall Undead Slaves, Injury Mirror, Animate Dead, Drain Life, Renounce
Religion


You were on level 6 of the Lair of Beasts.
You worshipped Yredelemnul.
Yredelemnul was greatly pleased with you.
You were near starving.

You visited 2 branches of the dungeon, and saw 15 of its levels.

You collected 1029 gold pieces.

Inventory:

Hand Weapons
 a - a +1 short sword of venom (weapon)
 b - a +1 blowgun
 s - a +2 dagger
Missiles
 c - 57 poisoned needles
 j - 519 stones
 w - 10 tomahawks
 B - an exploding tomahawk
 L - 5 steel tomahawks (quivered)
Armour
 e - a +1 shield (worn)
 F - a +1 hat of magic resistance (worn)
Jewellery
 l - the ring of the Exiled Friends (right tentacle) {Ice rPois Str+4 Int+3}
   (You found it on level 4 of the Lair of Beasts)

   [ring of ice]

   It enhances your ice magic.
   It affects your strength (+4).
   It affects your intelligence (+3).
   It makes you vulnerable to fire.
   It protects you from cold.
   It protects you from poison.
 n - an uncursed ring of flight
 u - a ring of fire (left tentacle)
Wands
 t - a wand of disintegration (7)
 y - a wand of acid (1)
 z - a wand of paralysis (1)
 E - a wand of flame (40)
 H - a wand of random effects (11)
 I - a wand of polymorph (5)
Scrolls
 d - 3 scrolls of identify
 h - 3 scrolls of enchant weapon
 q - 2 scrolls of magic mapping
 r - 6 scrolls of remove curse
 v - 4 scrolls of enchant armour
 x - 2 scrolls of teleportation
 C - 2 scrolls of immolation
 K - a scroll of amnesia
 M - a scroll of summoning
Potions
 g - 4 potions of curing
 i - 2 potions of agility
 k - a potion of lignification
 m - 4 potions of cancellation
 o - a potion of might
 p - 2 potions of brilliance
 A - a potion of invisibility
 D - 5 potions of mutation
 G - 2 potions of magic
 J - a potion of haste
 N - a potion of resistance
 O - 2 potions of berserk rage
Comestibles
 f - 23 rations


   Skills:
 - Level 5.0 Fighting
 * Level 9.5 Short Blades
 - Level 9.4 Throwing
 - Level 1.0 Dodging
 - Level 8.0 Stealth
 - Level 11.0 Shields
 - Level 9.1 Hexes
 - Level 5.4 Charms
 - Level 5.0 Translocations
 - Level 5.0 Ice Magic
 * Level 5.9 Invocations


You had 2 spell levels left.
You knew the following spells:

 Your Spells              Type           Power        Failure   Level  Hunger
a - Blink                 Tloc           N/A          7%          2    ###....
b - Ozocubu's Armour      Chrm/Ice       ####....     12%         3    ####...
c - Ensorcelled Hibernat  Hex/Ice        #####.       3%          2    ###....
d - Confuse               Hex            ####....     2%          3    ####...

Your spell library contained the following spells:

 Spells                   Type           Power        Failure   Level  Hunger
 Corona                   Hex            ####...      1%          1    ##.....
 Slow                     Hex            ####....     1%          2    ###....
 Freeze                   Ice            ####         4%          1    ##.....
 Throw Frost              Conj/Ice       ##....       19%         2    ###....
 Magic Dart               Conj           #...         34%         1    ##.....
 Call Imp                 Summ           #.......     45%         2    ###....
 Tukima's Dance           Hex            ####....     2%          3    ####...
 Dazzling Spray           Conj/Hex       ###...       16%         3    ####...
 Conjure Flame            Conj/Fire      #.......     71%         3    ####...
 Mephitic Cloud           Conj/Pois/Air  #.......     71%         3    ####...
 Summon Ice Beast         Ice/Summ       ##......     77%         4    #####..
 Throw Icicle             Conj/Ice       ##......     77%         4    #####..


Dungeon Overview and Level Annotations

Branches:
Dungeon (9/15)             Temple (0/1) D:5            Lair (5/6) D:9
 Shoals (0/4) Lair:4        Snake (0/4) Lair:3
  Slime: Lair:5-6       Orc: D:9-12

Altars:
Dithmenos
Hepliaklqana
Yredelemnul


Innate Abilities, Weirdness & Mutations

You cannot wear most types of armour.
You are very stealthy in the water. (Stealth+)
You are amphibious.
You can wear up to eight rings at the same time.
You can use your tentacles to constrict eight enemies at once.
Your skin changes colour to match your surroundings (Stealth+).
Your rubbery body absorbs attacks. (AC +1, EV +1)


Message History

The seven-headed hydra misses you. The seven-headed hydra bites you!
* * * LOW HITPOINT WARNING * * *
Yredelemnul mirrors your injury!
The seven-headed hydra is almost dead.
The seven-headed hydra bites you!
* * * LOW HITPOINT WARNING * * *
Yredelemnul mirrors your injury!
The seven-headed hydra is almost dead.
You can no longer enslave living souls.
Your hippogriff zombie bites the plant but does no damage.
Your hippogriff zombie pecks the plant.
Your hippogriff zombie claws the plant but does no damage.
Casting: Confuse (safe; 2% risk of failure)
Confirm with . or Enter, or press ? or * to list all spells.
You miscast Blink.
You are very lightly contaminated with residual magic.
You spin around.
The black mamba barely misses you. The seven-headed hydra bites you!
You die...
Your body rises from the dead as a mindless zombie.

..........†.....#.###
##......#.P###...#.##
......#...####....P#
..........###P.P..
##PZ......###...P.
###.........####..#
#...........# ##...
##SD.......## #..#.
#@......P## #.#..
..............##
##### .........P#..##
# ............## #
...##.......# # ..
#......... .
#####...... .##....


You could see a seven-headed hydra, a black mamba and a friendly hippogriff
zombie.

Vanquished Creatures
  Gastronok (Lair:1)
  2 hydras
  Erica (D:8)
  A two-headed ogre (D:9)
  An unseen horror (D:9)
  A manticore (Lair:4)
  An oklob plant (Lair:3)
  A black mamba (Lair:5)
  Joseph (D:7)
  8 elephants
  6 spiny frogs
  A kobold demonologist (D:8)
  3 komodo dragons
  3 polar bears
  A dream sheep (Lair:3)
  2 blink frogs (Lair:3)
  4 hippogriffs
  15 yaks
  Grum (Lair:1)
  2 wyverns
  6 hogs
  A human (D:7)
  A basilisk (Lair:3)
  6 water moccasins
  Duvessa (D:7)
  3 orc warriors
  4 porcupines
  2 ice beasts
  An eye of draining (D:8)
  A black bear (D:9)
  2 phantoms
  6 wolves
  6 ogres
  5 crocodiles
  11 big kobolds
  12 bullfrogs
  A gnoll sergeant (D:8)
  A scorpion (D:9)
  A water moccasin skeleton (D:9)
  Dowan (D:7)
  7 killer bees
  17 wights
  An electric eel (Lair:4)
  7 crimson imps
  A gnoll shaman (D:4)
  3 hounds
  Crazy Yiuf (D:7)
  An orc priest (D:7)
  A jelly (D:5)
  3 orc wizards
  4 worker ants
  An iguana (D:9)
  A hound skeleton (D:5)
  A worker ant zombie (D:8)
  11 gnolls
  6 adders
  A howler monkey skeleton (D:4)
  2 shadow imps
  3 oozes
  2 adder zombies
  An adder skeleton (D:6)
  5 worms
  3 dart slugs
  4 leopard geckos
  26 orcs
  A giant cockroach (D:1)
  8 goblins
  8 hobgoblins
  5 jackals
  4 quokkas
  5 ball pythons
  7 bats
  4 frilled lizards
  A jackal zombie (D:7)
  14 kobolds
  A leopard gecko skeleton (D:4)
  12 rats
  A plant (D:9)
312 creatures vanquished.

Vanquished Creatures (collateral kills)
  Kirke (Lair:4)
  19 elephants
  7 spiny frogs
  A komodo dragon (D:9)
  4 polar bears
  2 blink frogs (Lair:3)
  A hog (Lair:4)
  A basilisk (Lair:3)
  10 yaks
  A water moccasin (Lair:4)
  3 porcupines (Lair:3)
  A phantom (D:9)
  8 wolves
  A centaur (D:7)
  A crocodile (Lair:2)
  3 big kobolds (D:8)
  A bullfrog (Lair:3)
  2 wights (D:7)
  An electric eel (Lair:3)
  An orc (D:7)
  A giant cockroach (D:4)
  4 kobolds (D:8)
  4 fungi
  2 plants
80 creatures vanquished.

Vanquished Creatures (others)
  A phantasmal warrior (Lair:4)
  10 flying skulls
  A black mamba zombie (Lair:5)
  2 humans (Lair:4)
  A spiny frog zombie (Lair:3)
  An elephant zombie (Lair:2)
  2 blink frog zombies (Lair:3)
  5 hog zombies
  A komodo dragon zombie (Lair:2)
  A water moccasin zombie (Lair:2)
  2 polar bear zombies
  8 yak zombies
  A polar bear skeleton (Lair:4)
  A wight (Lair:2)
  A wolf skeleton (Lair:2)
  4 wolf zombies
  2 bullfrog zombies
  A basilisk zombie (Lair:3)
  A bullfrog skeleton (Lair:4)
  A porcupine skeleton (Lair:4)
  4 big kobold zombies (D:8)
  An ogre zombie (D:8)
  A hound zombie (D:9)
  2 mummies
  An orc skeleton (D:7)
  An elf zombie (D:7)
  An orc (D:7)
  2 gnoll zombies
  A gnoll skeleton (D:8)
  A leopard gecko zombie (D:7)
  9 orc zombies
  15 fungi
  7 plants
93 creatures vanquished.

Grand Total: 485 creatures vanquished

Notes
Turn   | Place    | Note
-------+----------+-------------------------------------------
     0 | D:1      | MrRokkomies the Octopode Assassin began the quest for the
                  | Orb.
     0 | D:1      | Reached XP level 1. HP: 14/14 MP: 1/1
    95 | D:1      | Reached XP level 2. HP: 19/19 MP: 2/2
   602 | D:2      | Reached XP level 3. HP: 20/24 MP: 3/3
   621 | D:2      | Found a faded altar of an unknown god.
   636 | D:2      | Became a worshipper of Yredelemnul the Dark
   636 | D:2      | Reached * piety under Yredelemnul
   874 | D:2      | Noticed an ice beast
   876 | D:2      | Killed an ice beast
   876 | D:2      | Reached XP level 4. HP: 29/29 MP: 4/4
   876 | D:2      | Reached XP level 5. HP: 34/34 MP: 5/5
  1399 | D:2      | Learned a level 2 spell: Blink
  1419 | D:2      | Reached ** piety under Yredelemnul
  1845 | D:3      | Reached XP level 6. HP: 26/39 MP: 6/6
  2427 | D:4      | Found a hazy altar of Hepliaklqana.
  2506 | D:4      | Reached XP level 7. HP: 20/45 MP: 7/7
  2706 | D:4      | Learned a level 3 spell: Ozocubu's Armour
  2740 | D:4      | Reached skill level 5 in Short Blades
  2944 | D:4      | Reached skill level 5 in Throwing
  3110 | D:4      | Reached *** piety under Yredelemnul
  3320 | D:5      | Entered Level 5 of the Dungeon
  3671 | D:5      | Reached XP level 8. HP: 50/50 MP: 8/8
  3841 | D:5      | Found a staircase to the Ecumenical Temple.
  4045 | D:6      | Reached skill level 1 in Shields
  4375 | D:6      | Reached skill level 2 in Shields
  4508 | D:6      | Reached skill level 1 in Translocations
  5223 | D:7      | Reached skill level 3 in Shields
  5316 | D:7      | Received a gift from Yredelemnul (a mummy)
  5373 | D:7      | Noticed a yak
  5377 | D:7      | Reached XP level 9. HP: 54/54 MP: 9/9
  5405 | D:7      | Noticed Duvessa
  5405 | D:7      | Reached skill level 4 in Shields
  5545 | D:7      | Found a shadowy altar of Dithmenos.
  5881 | D:7      | Noticed Joseph
  6134 | D:7      | Killed Joseph
  6134 | D:7      | Reached skill level 5 in Shields
  6327 | D:7      | Noticed Dowan
  6352 | D:7      | Killed Dowan
  6353 | D:7      | Killed Duvessa
  6353 | D:7      | Reached skill level 1 in Charms
  6353 | D:7      | Reached skill level 5 in Translocations
  6400 | D:7      | Your ally Dowan died
  6916 | D:7      | Found a runed translucent door.
  6917 | D:7      | Noticed Crazy Yiuf
  6937 | D:7      | Killed Crazy Yiuf
  7094 | D:8      | Reached skill level 6 in Shields
  7106 | D:8      | Reached XP level 10. HP: 60/60 MP: 1/10
  7323 | D:8      | Noticed Erica
  7366 | D:8      | Killed Erica
  7366 | D:8      | Reached skill level 7 in Shields
  7415 | D:8      | Received a gift from Yredelemnul (a mummy)
  7437 | D:8      | Learned a level 2 spell: Ensorcelled Hibernation
  7444 | D:8      | Reached skill level 5 in Charms
  7700 | D:8      | Reached **** piety under Yredelemnul
  8009 | D:8      | Noticed a kobold demonologist
  8013 | D:8      | Killed a kobold demonologist
  8013 | D:8      | Reached skill level 8 in Shields
  8013 | D:8      | Reached skill level 1 in Ice Magic
  8262 | D:9      | Found a staircase to the Lair.
  8566 | D:9      | Noticed a two-headed ogre
  8584 | D:9      | Killed a two-headed ogre
  8584 | D:9      | Reached skill level 9 in Shields
  8584 | D:9      | Reached XP level 11. HP: 64/64 MP: 11/11
  8970 | D:9      | Reached skill level 5 in Ice Magic
  9024 | D:9      | Killed an unseen horror
  9024 | D:9      | Reached skill level 1 in Hexes
  9383 | D:9      | Received a gift from Yredelemnul (2 flying skulls)
  9658 | Lair:1   | Entered Level 1 of the Lair of Beasts
  9660 | Lair:1   | Noticed Gastronok
  9674 | Lair:1   | Killed Gastronok
  9674 | Lair:1   | Reached skill level 10 in Shields
 10255 | Lair:1   | Noticed Grum
 10274 | Lair:1   | Killed Grum
 10288 | Lair:1   | Your ally Grum died
 10300 | Lair:1   | Reached skill level 5 in Hexes
 10301 | Lair:1   | Received a gift from Yredelemnul (3 flying skulls)
 11105 | Lair:1   | Learned a level 3 spell: Confuse
 11210 | Lair:2   | Noticed a five-headed hydra
 11254 | Lair:2   | HP: 2/64 [spiny frog (24)]
 11266 | Lair:2   | Killed a five-headed hydra
 11266 | Lair:2   | Reached skill level 11 in Shields
 11626 | Lair:2   | Reached XP level 12. HP: 32/70 MP: 12/12
 11883 | Lair:2   | Reached ***** piety under Yredelemnul
 12295 | Lair:2   | Received a gift from Yredelemnul (a wight)
 13230 | Lair:2   | Reached skill level 5 in Fighting
 13440 | Lair:2   | You fall through a shaft!
 13449 | Lair:3   | Found a staircase to the Snake Pit.
 13592 | Lair:3   | Received a gift from Yredelemnul (5 flying skulls)
 15117 | Lair:3   | Noticed a seven-headed hydra
 15149 | Lair:3   | Killed a seven-headed hydra
 15503 | Lair:4   | Reached XP level 13. HP: 68/81 MP: 7/13
 15554 | Lair:4   | Received a gift from Yredelemnul (a phantasmal warrior)
 15783 | Lair:4   | Got a wavering granite ring
 15784 | Lair:4   | Identified the ring of the Exiled Friends {Ice rPois Str+4
                  | Int+3} (You found it on level 4 of the Lair of Beasts)
 15821 | Lair:4   | Noticed Kirke
 15855 | Lair:4   | Reached skill level 1 in Invocations
 16253 | Lair:4   | Noticed a sphinx
 16261 | Lair:4   | Killed Kirke
 16933 | Lair:4   | Found a staircase to the Shoals.
 16989 | Lair:4   | Reached skill level 5 in Invocations
 17356 | Lair:5   | You fall through a shaft!
 17356 | Lair:6   | Entered Level 6 of the Lair of Beasts
 17686 | Lair:6   | HP: 1/81 [seven-headed hydra (7)]
 17687 | Lair:6   | Mangled by a seven-headed hydra

Levels and vault maps discovered:
D:1:      saegor_arrival_simple_d, layout_basic
D:2:      kb_forest_paths, layout_basic, chequers_ecumenical_altar_simple_redux,
          minmay_tetromino_s4
D:3:      layout_loops_ring
D:4:      layout_gridville, old_standard_altar, first_ration
D:5:      layout_loops_corners, temple_statues, feat_on_display
D:6:      layout_basic
D:7:      layout_basic, grunt_livestock, nicolae_dithmenos_shadow_blocks,
          uniq_duvessa, uniq_joseph, uniq_crazy_yiuf_cottage
D:8:      layout_basic, special_room [special_room_kobold], uniq_erica
D:9:      layout_basic, david_lair_shrubbed
Lair:1:   layout_hall_layers, cheibrodos_lair_lostbears, uniq_gastronok,
          uniq_grum
Lair:2:   layout_cave_pods, chequers_serial_rivers_small_b
Lair:3:   layout_chaotic_city, dummy_snake_entry, nzn_random_ring,
          serial_bayou_shore_a
Lair:4:   beast_lair_carwin_large_3, layout_regular_city,
          minmay_shoals_entry_beasts, nicolae_quartered_pool_medium, uniq_kirke
Lair:5:   layout_regular_city, chequers_serial_rivers_small_3
Lair:6:   gammafunk_lair_ancient_temple, layout_cave_pods, slime_altar_1

Skill      XL: |  1  2  3  4  5  6  7  8  9 10 11 12 13 |
---------------+----------------------------------------+-----
Short Blades   | 3 4 5 6 7 9 |  9.5
Throwing       | 3 4 5 7 8 9 |  9.4
Stealth        | 6 7 8 |  8.0
Shields        | 3 6 9 11 | 11.0
Translocations | 3 5 |  5.0
Charms         | 3 5 |  5.4
Ice Magic      | 4 5 |  5.0
Hexes          | 6 9 |  9.1
Fighting       | 5 |  5.0
Invocations    | 5 |  5.9
Dodging        | |  1.0

Action                   |  1- 3 |  4- 6 |  7- 9 | 10-12 | 13-15 || total
-------------------------+-------+-------+-------+-------+-------++-------
Melee: Dagger            |    40 |    65 |       |       |       ||   105
       Constrict         |     9 |    24 |    42 |    57 |     3 ||   135
       Tentacles         |     5 |    32 |    31 |   110 |    15 ||   193
       Short sword       |       |    40 |   175 |   392 |    80 ||   687
 Fire: Blowgun           |       |    11 |    40 |    65 |    36 ||   152
Throw: Tomahawk          |       |       |    10 |    78 |     5 ||    93
       Stone             |       |       |       |     3 |     6 ||     9
 Cast: Ensorcelled Hiber |       |       |       |    13 |    26 ||    39
       Blink             |       |       |       |     7 |     5 ||    12
       Ozocubu's Armour  |       |       |       |     2 |     2 ||     4
       Confuse           |       |       |       |     5 |     5 ||    10
Invok: Animate Remains   |       |       |     3 |       |       ||     3
       Animate Dead      |       |       |     8 |    34 |    15 ||    57
       Recall Undead Sla |       |       |       |     2 |       ||     2
       Injury Mirror     |       |       |       |       |     1 ||     1
Evoke: Wand              |       |       |     2 |    16 |     1 ||    19
  Use: Scroll            |     1 |    11 |     9 |     9 |     3 ||    33
       Potion            |       |     1 |     3 |     6 |     1 ||    11
 Stab: Sleeping          |    10 |    19 |    18 |    45 |    21 ||   113
       Distracted        |       |     1 |     1 |     6 |     3 ||    11
       Paralysed         |       |       |       |     1 |       ||     1
       Confused          |       |       |       |     4 |     1 ||     5
  Eat: Chunk             |       |     5 |    11 |    20 |    12 ||    48
       Ration            |       |       |     2 |     5 |     1 ||     8
Armor: Skin              |     1 |     4 |     9 |    14 |     6 ||    34
Dodge: Dodged            |    18 |    25 |    58 |   100 |    38 ||   239
Block: Shield            |     5 |    15 |    55 |   180 |    57 ||   312

Table legend:
 A = Non-vault XP
 B = Vault XP
 C = Vault XP percentage of total XP
 D = Non-vault monster count
 E = Vault monster count
 F = Vault count percentage of total count
                 A         B        C        D         E       F
            +---------+---------+-------+---------+---------+-------
      Total |   28101 |   16261 |  36.7 |     305 |      80 |  20.8
            +---------+---------+-------+---------+---------+-------
        D:1 |      32 |       0 |   0.0 |      17 |       0 |   0.0
        D:2 |      89 |     153 |  63.2 |      25 |       8 |  24.2
        D:3 |      97 |       0 |   0.0 |      22 |       0 |   0.0
        D:4 |     609 |       0 |   0.0 |      30 |       0 |   0.0
        D:5 |     358 |       0 |   0.0 |      10 |       0 |   0.0
        D:6 |     617 |       0 |   0.0 |      17 |       0 |   0.0
        D:7 |     897 |    1585 |  63.9 |      19 |       9 |  32.1
        D:8 |    1966 |    2204 |  52.9 |      36 |      24 |  40.0
        D:9 |    3169 |     330 |   9.4 |      27 |       1 |   3.6
     Lair:1 |    1591 |    2788 |  63.7 |      10 |      10 |  50.0
     Lair:2 |    7692 |       0 |   0.0 |      33 |       0 |   0.0
     Lair:3 |    4245 |    3039 |  41.7 |      26 |      11 |  29.7
     Lair:4 |    3667 |    6162 |  62.7 |      19 |      17 |  47.2
     Lair:5 |    2275 |       0 |   0.0 |      11 |       0 |   0.0
     Lair:6 |     797 |       0 |   0.0 |       3 |       0 |   0.0
            +---------+---------+-------+---------+---------+-------
